 Dungeon Crawl Stone Soup version 0.24.1-14-gf8d2b509d9 (webtiles) character file.

Game seed: 9516700014940116637, levelgen mode: deterministic

293 HereIgoKillingAgain the Cleaver (level 6, 0/52 HPs)
             Began as a Hill Orc Monk on May 24, 2020.
             Slain by a gnoll
             ... wielding a +0 whip
              (7 damage)
             ... on level 4 of the Dungeon.
             The game lasted 00:05:57 (4539 turns).

HereIgoKillingAgain the Cleaver (Hill Orc Monk)     Turns: 4539, Time: 00:05:58

Health: 0/52       AC:  5    Str: 16    XL:     6   Next: 33%
Magic:  6/6        EV: 11    Int: 10    God:
Gold:   230        SH:  0    Dex: 13    Spells: 5/5 levels left

rFire    . . .     SeeInvis .   a - +1 hand axe
rCold    + . .     Gourm    .   (no shield)
rNeg     . . .     Faith    .   n - +0 ring mail
rPois    .         Spirit   .   (no helmet)
rElec    .         Reflect  .   (no cloak)
rCorr    .         Harm     .   (no gloves)
MR       +....                  (no boots)
Stlth    +.........             (no amulet)
HPRegen  0.17/turn              f - ring of protection from cold
MPRegen  0.10/turn              i - ring of protection from magic

@: hasted, very quick
A: no striking features
a: no special abilities


You were on level 4 of the Dungeon.
You were not hungry.

You visited 1 branch of the dungeon, and saw 4 of its levels.

You collected 230 gold pieces.

Inventory:

Hand Weapons
 a - a +1 hand axe (weapon)
Armour
 b - a +0 robe
 d - a +0 plate armour
 n - a +0 ring mail (worn)
 p - a +0 cloak
Jewellery
 f - a ring of protection from cold (left hand)
 h - an uncursed ring of protection from cold
 i - a ring of protection from magic (right hand)
 k - an uncursed ring of magical power
Scrolls
 e - a scroll of amnesia {unknown}
 g - 2 scrolls of teleportation
 o - a scroll of identify
Potions
 j - a potion of cancellation
 l - a potion of degeneration {unknown}
 m - a potion of haste
Comestibles
 c - 8 rations
 q - 2 chunks of flesh


   Skills:
 + Level 4.1 Fighting
 * Level 8.5 Axes
 + Level 1.5 Armour
 - Level 2.4 Dodging
 - Level 1.5 Stealth


You had 5 spell levels left.
You didn't know any spells.
Your spell library was empty.

Dungeon Overview and Level Annotations

Branches:
Dungeon (4/15)
 Temple: D:4-7

Altars:


Message History

You hit the gnoll.
The gnoll is severely wounded.
The gnoll hits you with a +0 whip!
* * * LOW HITPOINT WARNING * * *
You hit the gnoll but do no damage.
The gnoll is severely wounded.
The gnoll closely misses you.
You closely miss the gnoll.
The gnoll is severely wounded.
You hit the gnoll.
The gnoll is almost dead.
The gnoll hits you with a +0 whip.
* * * LOW HITPOINT WARNING * * *
Okay, then.
It was a potion of haste.
You feel yourself speed up. The gnoll barely misses you.
You closely miss the gnoll.
The gnoll is almost dead.
The gnoll hits you with a +0 whip!
You die...

#############
#...........####
#..............#########
'.......................
#..............#.#
#..............#.#
.....##........#@#
...............#g#
.....#.........#)#
.....#.........#.##
.....##...........#
.....##...........#
.....##....####...#
#######....# #...#
#....# #...#


You could see a gnoll.

Vanquished Creatures
  A hound (D:4)
  An iguana (D:4)
  2 worker ants (D:4)
  4 gnolls
  5 adders
  An ooze (D:2)
  7 worms
  2 dart slugs
  2 leopard geckos (D:2)
  2 ball pythons
  7 bats
  6 giant cockroaches
  9 goblins
  7 hobgoblins
  2 jackals (D:3)
  4 frilled lizards
  A jackal skeleton (D:4)
  12 kobolds
  8 rats
83 creatures vanquished.

Notes
Turn   | Place    | Note
-------+----------+-------------------------------------------
     0 | D:1      | HereIgoKillingAgain the Hill Orc Monk began the quest for
                  | the Orb.
     0 | D:1      | Reached XP level 1. HP: 19/19 MP: 1/1
   123 | D:1      | Reached XP level 2. HP: 25/26 MP: 2/2
   190 | D:1      | Reached skill level 5 in Axes
   621 | D:1      | Reached XP level 3. HP: 31/31 MP: 3/3
  1345 | D:2      | Reached skill level 6 in Axes
  1533 | D:2      | Reached XP level 4. HP: 10/39 MP: 4/4
  2305 | D:2      | Reached skill level 7 in Axes
  2731 | D:2      | Reached XP level 5. HP: 44/45 MP: 5/5
  3843 | D:4      | Reached skill level 8 in Axes
  4170 | D:4      | Reached skill level 1 in Armour
  4170 | D:4      | Reached XP level 6. HP: 43/52 MP: 6/6
  4539 | D:4      | Slain by a gnoll

Levels and vault maps discovered:
D:1:      tarquinn_simple_flora_water_e, layout_basic
D:2:      layout_basic, glass_columns_b, st_stairs_7
D:3:      layout_loops_cross
D:4:      layout_basic, first_ration

Skill      XL: |  1  2  3  4  5  6 |
---------------+-------------------+-----
Axes           | 5 6 7 8 |  8.5
Armour         | 1 |  1.5
Fighting       | 4 |  4.1
Dodging        | |  2.4
Stealth        | |  1.5

Action                   |  1- 3 |  4- 6 || total
-------------------------+-------+-------++-------
Melee: Hand axe          |   109 |   216 ||   325
  Use: Potion            |     4 |     2 ||     6
       Scroll            |     3 |     4 ||     7
 Stab: Sleeping          |     4 |     5 ||     9
       Invisible         |     3 |       ||     3
       Distracted        |       |     1 ||     1
  Eat: Ration            |     1 |     2 ||     3
       Chunk             |       |     2 ||     2
Armor: Robe              |    17 |    17 ||    34
       Ring mail         |       |    28 ||    28
Dodge: Dodged            |    89 |   145 ||   234
